Map: Deathaura LE

Players

MèoMáiKà (MeomaikA) - Winner!

  • Race: Zerg Zerg
  • League: Grandmaster
  • Spawn Location: 11:00

Azure

  • Race: Terran Terran
  • League: Grandmaster
  • Spawn Location: 5:00

Event: DreamHack SC2 Masters 2020 Winter

VOD

Have the link to the VOD?

Description

Time

  • Played on: Oct. 21, 2020, 8:03 a.m.
  • Length: 19:59

All games in this series

Show
View Real Time Build Order
Export as new Build Order

MèoMáiKà Zerg - Winner!

Build Orders: Pool First 

Get SALT Encoding   

  12  0:00  Drone  
  13  0:08  Drone  
  14  0:16  Overlord  
  14  0:24  Extractor  
  14  0:25  Drone  
  15  0:34  Drone x2  
  17  0:45  Spawning Pool  
  17  0:47  Drone  
  17  1:07  Hatchery  
  17  1:10  Drone  
  17  1:13  Extractor  
  17  1:15  Drone  
  17  1:18  Drone  
  18  1:31  Queen  
  18  1:32  Zergling x2  
  21  1:37  Drone  
  22  1:47  Overlord  
  22  2:07  Drone  
  23  2:08  Queen  
  23  2:09  Drone  
  26  2:19  Drone  
  26  2:20  Drone, Metabolic Boost  
  28  2:33  Drone  
  28  2:34  Hatchery  
  28  2:36  Drone  
  29  2:39  Drone  
  29  2:42  Drone  
  31  2:44  Drone  
  31  2:48  Zergling x2  
  33  2:52  Overlord  
  33  2:55  Drone  
  33  2:58  Drone  
  35  3:04  Lair  
  35  3:07  Drone  
  36  3:14  Zergling x6  
  36  3:16  Drone  
  36  3:18  Drone  
  41  3:20  Drone  
  41  3:21  Extractor  
  41  3:26  Zergling x4  
  43  3:27  Zergling x2  
  43  3:30  Overlord  
  44  3:37  Roach Warren  
  44  3:38  Drone  
  44  3:46  Overlord  
  44  3:48  Drone x2  
  46  3:50  Drone x2  
  46  3:52  Drone  
  46  3:53  Drone  
  50  3:59  Overlord  
  50  4:00  Drone  
  51  4:05  Queen  
  53  4:11  Zergling x4  
  55  4:20  Roach x4  
  55  4:22  Roach  
  64  4:25  Glial Reconstitution  
  64  4:32  Drone x4  
  64  4:34  Drone  
  64  4:37  Drone x2  
  71  4:39  Drone  
  71  4:42  Overlord  
  71  4:44  Drone  
  73  4:46  Hydralisk Den  
  70  4:54  Drone x2  
  70  4:55  Drone  
  70  4:56  Spore Crawler  
  70  4:57  Spore Crawler, Drone  
  70  4:58  Drone  
  73  5:02  Drone  
  73  5:05  Drone  
  75  5:08  Overlord  
  75  5:10  Overlord  
  75  5:13  Drone x2  
  75  5:23  Hydralisk x3  
  75  5:24  Overlord  
  75  5:26  Grooved Spines  
  79  5:29  Extractor  
  79  5:30  Drone x3  
  79  5:31  Overseer  
  79  5:33  Spore Crawler  
  79  5:34  Drone  
  79  5:35  Drone  
  79  5:36  Hydralisk  
  79  5:37  Hydralisk  
  79  5:39  Drone  
  83  5:47  Hydralisk  
  85  5:50  Hatchery  
  85  5:53  Drone  
  85  5:54  Hydralisk, Drone x3  
  85  5:57  Extractor  
  89  5:58  Queen  
  89  6:05  Drone x5  
  89  6:06  Drone  
  89  6:07  Drone x2  
  89  6:09  Drone  
  89  6:10  Drone  
  99  6:13  Drone x2  
  99  6:18  Evolution Chamber  
  100  6:19  Hydralisk x2  
  100  6:20  Evolution Chamber  
  100  6:22  Hydralisk  
  100  6:24  Drone  
  106  6:30  Overlord  
  106  6:31  Overlord  
  106  6:36  Overlord  
  106  6:37  Muscular Augments  
  106  6:38  Extractor  
  101  6:47  Drone x2  
  101  6:48  Drone  
  101  6:49  Drone x4  
  101  6:52  Hydralisk  
  110  6:55  Drone  
  110  6:59  Zerg Melee Weapons Level 1, Zerg Ground Armor Level 1  
  111  7:01  Drone  
  111  7:03  Drone, Baneling Nest  
  111  7:07  Spore Crawler  
  111  7:08  Drone x2  
  111  7:09  Drone x2  
  111  7:10  Queen  
  111  7:11  Drone x3, Extractor  
  111  7:12  Drone  
  111  7:15  Hydralisk x2  
  122  7:16  Zergling x2  
  122  7:20  Extractor  
  124  7:23  Zergling x2  
  124  7:24  Zergling x2  
  124  7:29  Zergling x6  
  130  7:30  Zergling x2  
  130  7:31  Overlord  
  130  7:35  Zergling x4  
  132  7:37  Overlord  
  132  7:40  Infestation Pit  
  132  7:41  Drone  
  132  7:45  Drone x2  
  132  7:56  Drone x5  
  135  8:02  Centrifical Hooks  
  135  8:04  Hatchery  
  134  8:07  Spire  
  134  8:09  Zergling x2  
  134  8:10  Zergling x20  
  144  8:13  Spore Crawler  
  144  8:14  Spine Crawler  
  144  8:16  Spine Crawler  
  144  8:18  Zergling x12  
  147  8:20  Hatchery  
  145  8:31  Drone x4  
  149  8:35  Zergling x4  
  149  8:39  Overlord  
  151  8:41  Overlord  
  151  8:48  Baneling x20  
  151  8:49  Overlord  
  151  8:50  Hive  
  151  8:58  Zergling x2  
  151  8:59  Zergling x12, Zerg Ground Armor Level 2, Zerg Melee Weapons Level 2  
  151  9:02  Zergling x2  
  157  9:06  Zergling x2  
  157  9:14  Overlord  
  157  9:15  Zergling x2  
  157  9:16  Zergling x6  
  165  9:17  Zergling x8  
  165  9:19  Zergling x2  
  165  9:20  Zergling x2  
  165  9:23  Zergling x2  
  163  9:24  Zergling x2  
  163  9:25  Zergling x2  
  163  9:26  Zergling x2  
  163  9:27  Zergling x4  
  163  9:32  Zergling x2  
  163  9:35  Zergling x2  
  163  9:37  Zergling x2  
  166  9:39  Hatchery  
  164  10:00  Baneling x6  
  164  10:03  Hatchery  
  161  10:08  Ultralisk Cavern  
  161  10:10  Corruptor x3  
  161  10:11  Overlord x2, Corruptor  
  161  10:12  Overlord x2  
  168  10:27  Zergling x2  
  166  10:36  Zergling x38  
  166  10:37  Zergling x6  
  166  10:38  Zergling x2  
  166  10:42  Zergling x2  
  186  10:43  Baneling x39  
  186  10:44  Zergling x8  
  174  10:50  Zergling x8  
  174  10:52  Zergling x2  
  174  10:55  Chitinous Plating  
  178  10:58  Zergling x2  
  178  10:59  Zergling x4  
  178  11:00  Baneling  
  178  11:01  Baneling  
  178  11:02  Zergling x2, Baneling x11  
  178  11:03  Zergling x2  
  183  11:05  Zergling x4  
  183  11:06  Zergling x2  
  183  11:07  Zergling x2  
  183  11:09  Zergling x2  
  187  11:15  Zergling x4  
  187  11:16  Zergling x2  
  187  11:18  Zergling x2  
  167  11:19  Zergling x4  
  167  11:20  Zergling x2  
  167  11:22  Zergling x10  
  167  11:23  Queen  
  167  11:25  Zergling x2  
  175  11:33  Overlord x4  
  175  11:40  Baneling x9  
  134  12:01  Ultralisk x5  
  153  12:02  Zergling x2  
  153  12:03  Zergling x30  
  153  12:04  Zergling x4  
  153  12:06  Zergling x2  
  153  12:07  Drone  
  173  12:08  Zergling x4  
  173  12:09  Zergling x2, Queen  
  173  12:12  Zergling x2  
  173  12:13  Zergling x2  
  173  12:14  Anabolic Synthesis  
  180  12:15  Drone  
  180  12:21  Zergling x4  
  183  12:27  Hatchery  
  183  12:28  Drone x4  
  186  12:30  Zergling x6, Extractor  
  186  12:31  Spine Crawler, Baneling x3  
  186  12:36  Zerg Melee Weapons Level 3  
  187  12:44  Zergling x6  
  190  12:52  Overlord  
  190  12:57  Baneling x11  
  188  13:10  Zergling x30  
  195  13:14  Zergling x8  
  195  13:16  Zergling x2  
  195  13:19  Zergling x2  
  198  13:22  Zergling x2  
  196  13:35  Overlord  
  179  13:47  Zergling x2  
  179  13:48  Zergling x32  
  163  13:51  Hatchery  
  163  13:52  Baneling x33  
  163  13:53  Zergling x2  
  163  13:54  Zergling x2  
  164  13:58  Zergling x10  
  164  13:59  Zergling x2  
  164  14:01  Baneling x5  
  170  14:08  Zerg Ground Armor Level 3  
  170  14:09  Zergling x2  
  171  14:10  Zergling x4  
  171  14:16  Zergling x2, Baneling x11  
  180  14:24  Zergling x2, Ultralisk  
  180  14:28  Zergling x8  
  183  14:36  Zergling x2  
  183  14:42  Zergling x6  
  184  14:55  Zergling x32  
  196  15:11  Hatchery  
  185  15:15  Zergling x30  
  186  15:21  Zergling x8  
  186  15:23  Zergling x2  
  186  15:24  Zergling x4  
  186  15:25  Zergling x2  
  186  15:26  Zergling x2  
  186  15:27  Zergling x6  
  193  15:30  Overseer  
  193  15:31  Pneumatized Carapace  
  193  15:33  Baneling x17  
  193  15:34  Baneling  
  193  15:35  Zergling x2  
  189  16:02  Zergling x40  
  151  16:08  Zergling x2  
  151  16:09  Zergling x6  
  115  16:14  Zergling x4, Ultralisk  
  115  16:15  Zergling x2, Ultralisk  
  115  16:16  Zergling x2  
  125  16:24  Baneling  
  125  16:25  Baneling x15  
  126  16:26  Zergling x2, Ultralisk  
  126  16:27  Zergling x6  
  126  16:28  Zergling x2  
  137  16:34  Corruptor x2  
  137  16:35  Corruptor  
  137  16:38  Zergling x4  
  145  16:40  Corruptor  
  145  16:41  Zergling x2  
  145  16:43  Zergling x2  
  145  16:44  Zergling x2  
  150  16:51  Overlord x3  
  150  16:54  Ultralisk  
  155  17:06  Hatchery  
  155  17:08  Ultralisk  
  160  17:11  Baneling x8  
  160  17:12  Zergling x2  
  159  17:21  Corruptor x2  
  163  17:23  Corruptor  
  163  17:29  Hatchery  
  164  17:32  Corruptor x2  
  168  17:49  Zergling x2, Baneling x8  
  168  17:50  Zergling x32  
  183  18:00  Baneling x9  
  183  18:03  Extractor  
  178  18:16  Baneling x9  
  178  18:19  Drone x5  
  183  18:20  Drone x2  
  183  18:21  Queen  
  187  18:27  Extractor  
  187  18:30  Baneling x8  
  186  18:38  Zergling x2  
  176  19:02  Zergling x50  
  189  19:19  Ultralisk  
Show
View Real Time Build Order
Export as new Build Order

Azure Terran 

Build Orders: Reaper Expand, Hellion Banshee 

Get SALT Encoding   

  12  0:00  SCV  
  13  0:12  SCV  
  14  0:16  Supply Depot  
  14  0:24  SCV  
  15  0:38  SCV  
  15  0:39  Barracks  
  16  0:44  Refinery  
  16  0:50  SCV  
  17  1:02  SCV  
  18  1:14  SCV  
  19  1:26  Reaper, Orbital Command  
  20  1:46  Command Center  
  20  1:53  SCV  
  21  1:57  Supply Depot  
  21  1:58  Marine  
  22  2:05  SCV  
  23  2:11  Factory  
  23  2:17  Refinery  
  23  2:18  SCV  
  23  2:20  Barracks Reactor  
  24  2:30  SCV  
  24  2:43  SCV  
  25  2:55  SCV  
  25  2:56  Starport  
  25  2:58  Orbital Command  
  26  3:01  Hellion x2  
  30  3:07  SCV  
  30  3:11  Barracks Tech Lab  
  31  3:19  SCV  
  31  3:22  Hellion x2  
  31  3:24  SCV  
  36  3:31  SCV  
  37  3:36  SCV  
  37  3:38  Supply Depot  
  37  3:40  Banshee  
  41  3:41  Cloaking Field  
  41  3:43  SCV  
  44  3:52  SCV  
  44  3:55  SCV  
  46  4:02  Supply Depot  
  44  4:04  SCV  
  44  4:07  Command Center  
  44  4:09  SCV  
  46  4:10  Hellion  
  46  4:14  Hellion  
  46  4:16  SCV  
  51  4:17  Barracks Tech Lab  
  51  4:21  SCV  
  52  4:25  Banshee  
  52  4:28  SCV  
  56  4:32  Hellion  
  56  4:33  SCV  
  61  4:40  SCV  
  62  4:48  Supply Depot x2  
  62  4:54  SCV x2  
  62  4:56  Stimpack  
  62  5:02  Barracks  
  62  5:04  Factory Reactor, Barracks  
  62  5:06  Supply Depot  
  62  5:09  SCV x2, Marine  
  65  5:20  Orbital Command  
  65  5:21  SCV  
  65  5:27  Marine  
  67  5:29  Engineering Bay  
  67  5:33  Engineering Bay  
  67  5:34  SCV  
  67  5:35  Refinery x2  
  68  5:37  Starport Reactor  
  68  5:39  SCV  
  69  5:45  Marine  
  69  5:46  SCV  
  69  5:47  Supply Depot  
  69  5:48  SCV  
  72  5:50  Marine x2  
  72  5:51  Siege Tank  
  72  5:54  SCV  
  78  5:58  Marine  
  78  5:59  Marine  
  80  6:07  Marine  
  80  6:08  Marine  
  80  6:09  Terran Infantry Weapons Level 1, Terran Infantry Armor Level 1  
  82  6:15  Supply Depot, Marine  
  82  6:16  SCV, Marine, Barracks  
  82  6:17  Supply Depot, Barracks  
  85  6:18  Medivac  
  85  6:21  Medivac  
  85  6:23  Orbital Command, Marine, Siege Tank  
  93  6:28  Marine  
  93  6:30  Marine  
  95  6:33  Marine  
  95  6:35  SCV x2  
  95  6:37  Marine  
  99  6:41  Marine  
  100  6:47  SCV  
  100  6:48  SCV x2, Medivac  
  100  6:51  Medivac  
  100  6:53  Marine  
  100  6:54  Marine x2  
  109  6:55  Combat Shield, Siege Tank  
  109  6:59  SCV  
  114  7:05  SCV x2  
  114  7:06  Armory  
  114  7:08  Refinery  
  116  7:10  Refinery  
  116  7:13  SCV  
  116  7:14  Supply Depot, Marine x2  
  119  7:15  Barracks Reactor x2  
  119  7:16  Supply Depot  
  119  7:17  SCV x2  
  119  7:20  Marine x2  
  123  7:25  SCV  
  123  7:29  SCV  
  125  7:31  Supply Depot  
  125  7:33  Supply Depot  
  125  7:36  SCV, Siege Tank  
  129  7:37  SCV  
  129  7:41  SCV, Supply Depot  
  129  7:43  Supply Depot, Marine x4  
  135  7:48  SCV  
  135  7:49  SCV, Medivac x2  
  140  7:53  SCV  
  140  7:56  Supply Depot, Marine x2  
  142  8:00  SCV  
  142  8:01  SCV  
  142  8:03  Marine x2  
  142  8:04  Marine  
  142  8:05  SCV, Marine  
  148  8:08  Siege Tank  
  148  8:10  Marine x2  
  148  8:12  SCV  
  155  8:15  Terran Infantry Armor Level 2  
  155  8:17  Factory  
  155  8:18  Terran Infantry Weapons Level 2  
  155  8:19  Marine  
  155  8:20  Marine  
  151  8:34  Command Center  
  151  8:36  Marine  
  151  8:39  Medivac x2, Marine  
  151  8:40  Marine x2, Widow Mine  
  151  8:41  Marine  
  162  8:46  Supply Depot, Marine  
  162  8:47  Supply Depot  
  163  8:49  Marine  
  163  8:50  Marine  
  163  8:53  Supply Depot  
  163  8:55  Supply Depot  
  165  8:58  Terran Vehicle Weapons Level 1, Marine x3  
  165  9:01  Widow Mine  
  170  9:03  Marine x2  
  170  9:08  Marine x2  
  170  9:09  Factory Tech Lab  
  174  9:11  Supply Depot  
  174  9:12  Marine  
  174  9:13  Sensor Tower  
  175  9:18  Supply Depot  
  175  9:19  Supply Depot  
  175  9:20  Marine x3  
  173  9:26  Marine x2, Siege Tank  
  173  9:27  Marine  
  175  9:36  Siege Tank  
  175  9:37  Marine x2  
  177  9:45  Barracks  
  177  9:48  Barracks  
  177  9:50  Barracks  
  177  9:52  SCV x2  
  179  9:58  Supply Depot, Marine x4  
  179  9:59  Marine x3  
  184  10:00  Supply Depot  
  184  10:05  Siege Tank  
  184  10:06  Marine  
  187  10:16  Marine  
  187  10:17  Medivac x2  
  187  10:20  SCV x2  
  193  10:29  Marine x2  
  193  10:35  Marine  
  186  10:37  Widow Mine  
  178  10:53  Marauder, Command Center, Marine x4  
  178  10:54  Barracks Tech Lab x2  
  178  10:55  Liberator  
  178  10:56  Liberator  
  178  10:57  Terran Infantry Armor Level 3, Barracks Tech Lab  
  190  11:05  Marine  
  190  11:07  Marine x2  
  193  11:15  Marauder  
  183  11:20  Marauder, Marine  
  186  11:25  Marine  
  186  11:26  Marauder, Marine x4  
  186  11:28  Marauder, Marine x2  
  197  11:36  Marauder  
  197  11:37  Marine  
  177  11:52  Marauder, Marine x2  
  160  11:55  Marauder, Marine x2  
  160  12:01  Marauder, Marine x3, Siege Tank x2  
  147  12:02  Marine  
  147  12:07  Terran Infantry Weapons Level 3  
  152  12:13  Marine x3  
  152  12:14  Marauder  
  152  12:15  Marauder, Marine  
  158  12:16  Marine  
  158  12:18  Marine  
  158  12:22  Marine x2  
  160  12:23  Marauder, Marine  
  165  12:30  Marine  
  165  12:32  Marine  
  165  12:34  Planetary Fortress, Marauder  
  165  12:35  SCV  
  170  12:38  Siege Tank  
  170  12:44  SCV x2  
  175  12:45  Marine x2  
  175  12:46  Marine  
  175  12:47  Sensor Tower  
  178  12:52  Marauder, Marine x4  
  178  12:53  Concussive Shells  
  178  12:56  Marauder, Marine  
  187  13:01  Marauder, Marine  
  187  13:02  Marine  
  181  13:07  Marine x2  
  181  13:10  SCV x2  
  170  13:13  Marine  
  170  13:14  Marauder  
  170  13:15  Marine  
  170  13:18  Marauder  
  170  13:19  Marauder  
  181  13:20  Siege Tank  
  173  13:28  Marauder, Marine x3  
  173  13:30  Marine  
  176  13:34  Marine  
  176  13:35  Marauder  
  176  13:36  Marine  
  169  13:42  Supply Depot  
  151  13:54  Liberator x2  
  155  13:56  Marine x2  
  155  14:00  Marauder  
  162  14:05  Orbital Command  
  162  14:09  SCV  
  161  14:10  SCV, Marine  
  161  14:15  Marine  
  167  14:19  Marine x2  
  167  14:22  SCV x2, Marine x2  
  173  14:24  Marine  
  170  14:33  SCV  
  169  14:38  Liberator x2  
  169  14:42  Marine x2  
  169  14:43  Marauder  
  169  14:44  Marine x4  
  169  14:45  Marine x2  
  180  14:46  Marine  
  180  14:48  Marine  
  182  14:57  Command Center  
  182  14:59  Orbital Command, Ghost Academy  
  182  15:03  Orbital Command  
  182  15:07  Marauder, Marine x2  
  182  15:10  Missile Turret x2  
  183  15:20  Marine x2  
  183  15:21  Marauder, Marine x2, Liberator  
  165  15:29  SCV x3  
  165  15:31  Marauder, Marine x2  
  172  15:41  SCV x2  
  174  15:44  Sensor Tower  
  174  15:45  Marine  
  174  15:49  SCV  
  176  15:53  SCV, Marauder, Marine x2  
  181  15:58  Marine  
  181  15:59  SCV, Marauder, Marine  
  181  16:01  Orbital Command  
  146  16:11  Marauder, Marine x5  
  112  16:12  Marine x2  
  112  16:15  Marauder  
  112  16:16  Marine  
  112  16:17  Marine  
  120  16:19  Marine  
  120  16:22  SCV x2  
  123  16:29  Marine x4  
  123  16:30  Marauder  
  129  16:34  SCV x2  
  129  16:35  SCV x2  
  133  16:41  Missile Turret  
  133  16:42  Siege Tank  
  133  16:43  Missile Turret  
  133  16:44  Siege Tank  
  133  16:46  SCV x2  
  142  16:47  SCV x2  
  142  16:49  Marine  
  142  16:50  Marine  
  143  17:00  Liberator x2  
  149  17:07  Missile Turret, Marine  
  149  17:08  Marauder  
  152  17:16  Supply Depot  
  152  17:17  Marine  
  152  17:19  SCV, Sensor Tower  
  154  17:23  SCV  
  154  17:24  Supply Depot  
  155  17:36  Marine x2  
  157  17:41  Marine x6  
  157  17:42  Marauder  
  165  17:49  Marine  
  165  17:50  Marauder  
  159  18:14  Marine  
  159  18:15  Marauder  
  159  18:17  Marine x2  
  164  18:23  Marine  
  164  18:24  Unknown, Marauder  
  167  18:32  Unknown  
  167  18:36  Unknown  
  162  18:43  Marine x2  
  162  18:44  Marauder, Marine x2  
  162  18:47  Marauder, Marine x3  
  140  18:59  Marine  
  140  19:00  Marauder  
  143  19:07  Siege Tank x2  
  149  19:11  Marauder  
  146  19:26  Marine  
  146  19:27  Marauder  
  129  19:49  Unknown  
Tags
 
Add a new tag
Caveats
  • Supply blocks, unpowered buildings, or Contaminate may cause inaccurate times.
  • Supply counts are checked every 10 seconds.